 Dungeon Crawl Stone Soup version 0.31-a0-233-g139696dc86 (webtiles) character file.

Game seed: 9011500216972322280

3637 qw the Skirmisher (level 9, -9/81 HPs)
             Began as a Minotaur Hexslinger on July 8, 2023.
             Was a Follower of Okawaru.
             Mangled by a hornet (11 damage)
             ... on level 8 of the Dungeon.
             The game lasted 00:03:31 (7355 turns).

qw the Skirmisher (Minotaur Hexslinger)             Turns: 7355, Time: 00:03:31

Health: -9/81      AC:  6    Str: 13    XL:     9   Next: 87%
Magic:  9/10       EV: 17    Int: 10    God:    Okawaru [*.....]
Gold:   277        SH:  0    Dex: 17    Spells: 9/10 levels left

rFire   . . .        o - +0 arbalest
rCold   + + +        (shield currently unavailable)
rNeg    . . .        h - +0 troll leather armour
rPois   .            (helmet restricted)
rElec   .            (no cloak)
rCorr   .            (no gloves)
SInv    +            a - +0 pair of boots
Will    .....        (no amulet)
Stlth   +++          p - ring of protection from cold
HPRegen 1.13/turn    g - ring of protection from cold
MPRegen 0.12/turn

%: no passive effects
@: lethally poisoned (-9 -> -12), about to teleport, heroic
A: horns 2, retaliatory headbutt, see invisible, cold resistance 1, wild magic 1
a: Renounce Religion, Heroism


You were on level 8 of the Dungeon.
You worshipped Okawaru.
Okawaru was aware of your devotion.
You visited 2 branches of the dungeon, and saw 9 of its levels.
You also visited: Sewer.

You collected 497 gold pieces.
You spent 220 gold pieces at shops.


Innate Abilities, Weirdness & Mutations

You have a pair of horns on your head.
You reflexively headbutt those who attack you in melee.
You have supernaturally acute eyesight. (SInv)
Your flesh is cold resistant. (rC+)
Your spells are a little harder to cast, but a little more powerful.


   Skills:
 + Level 7.9(12.9) Fighting
 - Level 12.0(17.0) Ranged Weapons
 - Level 2.9(7.9) Armour
 - Level 5.1(10.1) Dodging
 - Level 1.0 Spellcasting
 - Level 2.0 Hexes
 + Level 3.6 Invocations


You had 9 spell levels left.
You knew the following spells:

 Your Spells              Type           Power      Damage    Failure   Level
a - Slow                  Hex            20%        N/A       26%         1

Your spell library contained the following spells:

 Spells                   Type           Power      Damage    Failure   Level
 Inner Flame              Hex/Fire       3%         N/A       71%         3
 Portal Projectile        Hex/Tloc       6%         N/A       71%         3
 Cause Fear               Hex            2%         N/A       92%         4

Inventory:

Hand Weapons
 o - a +0 arbalest (weapon)
Armour
 a - a +0 pair of boots (worn)
 h - a +0 troll leather armour (worn)
Jewellery
 g - a ring of protection from cold (right hand)
 i - a ring of resist corrosion
 p - a ring of protection from cold (left hand)
Scrolls
 e - 2 scrolls of teleportation
 k - 2 scrolls of identify
Potions
 b - 6 potions of curing
 c - a potion of cancellation
 d - 4 potions of enlightenment
 f - a potion of might {unknown}
 j - 2 potions of resistance
 l - a potion of heal wounds {unknown}
 m - a potion of mutation
 n - a potion of haste
 q - a potion of lignification {unknown}

Dungeon Overview and Level Annotations

Branches:
Dungeon (8/15)             Temple (1/1) D:6           Sewer (visited)
   Lair: D:8-11

Altars:
Ashenzari
Cheibriados
Dithmenos
Elyvilon
Fedhas
Gozag
Hepliaklqana
Kikubaaqudgha
Makhleb
Nemelex Xobeh
Okawaru
Ru
Trog
Uskayaw
Vehumet
Wu Jian
Xom
Yredelemnul
Zin

Shops:
D:3 :   D:6 =

Annotations:
D:3 2 transporters, qw's ghost, amateur GrHs


Message History

You shoot a bolt. The bolt barely misses the centaur.
The centaur shoots an arrow.
The arrow completely misses you.
The centaur shoots an arrow.
The arrow closely misses you.
A hornet comes into view.
You shoot a bolt. The bolt hits the centaur!
You kill the centaur!
Okawaru accepts your kill.
You shoot a bolt. The bolt hits the hornet.
The hornet is lightly wounded.
You shoot a bolt. The bolt hits the hornet!
The hornet is heavily wounded.
The hornet stings you!
You feel yourself slow down.
You shoot a bolt.
The bolt hits the hornet but does no damage.
The hornet is heavily wounded.
The hornet closely misses you. You furiously retaliate!
You headbutt the hornet! The hornet stings you.
You are poisoned.
You feel as though you will be slow longer.
You shoot a bolt. The bolt hits the hornet.
The hornet is almost dead.
You feel very sick. The hornet barely misses you. The hornet stings you!
You suddenly lose the ability to move!
You feel yourself speed up.
You feel sick.
The hornet stings you but does no damage.
The hornet stings you.
You feel yourself slow down.
You feel yourself speed up.
You feel sick. The hornet stings you!
You are lethally poisoned!
You feel yourself slow down.
You can move again.
7355 ||| READING 3 scrolls of teleportation.
As you read the scroll of teleportation, it crumbles to dust.
You feel strangely unstable.
You feel yourself speed up.
You feel very sick. The hornet stings you!
You die...

## #. ..##. #.
..... ###. #...#
..... #...# ####. #
#...# # #.
#.#####...####.# #.
##.y@)..........#
##
#.................
.
....)..............
#.
....#######...#####
#. ##. #...# #. #
#...# #. #...#
####. #...# #....
####>#######.##.


You could see a hornet.

Vanquished Creatures
  A troll (D:5)
  Grinder (D:3)
  A culicivora (shapeshifter) (D:7)
  Sigmund (D:3)
  A steam dragon (D:8)
  Edmund (D:3)
  2 black bears
  An ice beast (D:7)
  4 ogres
  A centaur (D:8)
  A kobold brigand (Sewer)
  Blork the orc (D:5)
  3 bullfrogs
  2 scorpions
  2 gnoll sergeants (D:7)
  3 wights (D:8)
  A howler monkey (D:6)
  2 hounds
  2 jellies
  5 orc priests
  A gnoll bouda (D:7)
  7 iguanas
  Terence (D:3)
  7 orc wizards
  A sleepcap (D:7)
  Ijyb (D:4)
  A mummy (D:3)
  14 gnolls
  12 adders
  2 river rats (Sewer)
  A shadow imp (D:7)
  3 white imps
  3 worms
  A dart slug (D:2)
  25 orcs
  11 ball pythons
  5 endoplasms
  4 giant cockroaches
  8 goblins
  5 hobgoblins
  7 jackals
  2 quokkas
  5 bats
  4 frilled lizards (D:1)
  12 kobolds
  11 rats
190 creatures vanquished.

Vanquished Creatures (others)
  A goblin zombie (D:2)
1 creature vanquished.

Grand Total: 191 creatures vanquished

Notes
Turn   | Place    | Note
-------+----------+-------------------------------------------
     0 | D:1      | qw the Minotaur Hexslinger began the quest for the Orb.
     0 | D:1      | Reached XP level 1. HP: 16/16 MP: 1/1
     0 | D:1      | 0 ||| qw: Version: 0.3-a-46-gb1f654a
     0 | D:1      | 0 ||| qw: Game counter: 3517
     0 | D:1      | 0 ||| qw: Melee chars always use a shield: true
     0 | D:1      | 0 ||| qw: God list: Okawaru
     0 | D:1      | 0 ||| qw: Allow faded altars: false
     0 | D:1      | 0 ||| qw: Do Orc after clearing Dungeon:15 true
     0 | D:1      | 0 ||| qw: Do second Lair branch before Depths: true
     0 | D:1      | 0 ||| qw: Lair rune preference: random
     0 | D:1      | 0 ||| qw: Goals: Normal
     0 | D:1      | 0 ||| PLANNING D:1-11
   159 | D:1      | Reached skill level 3 in Ranged Weapons
   159 | D:1      | Reached XP level 2. HP: 22/23 MP: 2/2
   322 | D:1      | 322 ||| FLEEEEING.
   323 | D:1      | 323 ||| FLEEEEING.
   324 | D:1      | 324 ||| FLEEEEING.
   325 | D:1      | 325 ||| FLEEEEING.
   326 | D:1      | 326 ||| FLEEEEING.
   327 | D:1      | 327 ||| FLEEEEING.
   328 | D:1      | 328 ||| FLEEEEING.
   329 | D:1      | 329 ||| FLEEEEING.
   330 | D:1      | 330 ||| FLEEEEING.
   331 | D:1      | 331 ||| FLEEEEING.
   333 | D:1      | 333 ||| FLEEEEING.
   334 | D:1      | 334 ||| FLEEEEING.
   335 | D:1      | 335 ||| FLEEEEING.
   336 | D:1      | 336 ||| FLEEEEING.
   337 | D:1      | 337 ||| FLEEEEING.
   338 | D:1      | 338 ||| FLEEEEING.
   339 | D:1      | 339 ||| FLEEEEING.
   340 | D:1      | 340 ||| FLEEEEING.
   341 | D:1      | 341 ||| FLEEEEING.
   342 | D:1      | 342 ||| FLEEEEING.
   343 | D:1      | 343 ||| FLEEEEING.
   344 | D:1      | 344 ||| FLEEEEING.
   345 | D:1      | 345 ||| FLEEEEING.
   346 | D:1      | 346 ||| FLEEEEING.
   347 | D:1      | 347 ||| FLEEEEING.
   348 | D:1      | 348 ||| FLEEEEING.
   349 | D:1      | 349 ||| FLEEEEING.
   350 | D:1      | 350 ||| FLEEEEING.
   351 | D:1      | 351 ||| FLEEEEING.
   352 | D:1      | 352 ||| FLEEEEING.
   353 | D:1      | 353 ||| FLEEEEING.
   354 | D:1      | 354 ||| FLEEEEING.
   355 | D:1      | 355 ||| FLEEEEING.
   718 | D:1      | 718 ||| UPGRADING to +0 ring mail.
   728 | D:1      | 728 ||| DROPPING +0 robe.
   729 | D:1      | 729 ||| UPGRADING to ring of protection from cold.
   730 | D:1      | 730 ||| READING scroll labelled RIYSEI LEDOSK.
   731 | D:1      | 731 ||| READING scroll labelled DYT ATSUIT.
   732 | D:1      | 732 ||| READING scroll labelled USEEGY FIEC.
   733 | D:1      | 733 ||| READING scroll labelled ZAOREUHERO.
   734 | D:1      | 734 ||| DROPPING scroll of poison.
   835 | D:2      | Found a faded altar of an unknown god.
   898 | D:2      | Reached XP level 3. HP: 24/29 MP: 3/3
   943 | D:2      | Reached skill level 4 in Ranged Weapons
   990 | D:2      | 990 ||| Stepping ~*~*~tactically~*~*~ (outnumbered).
   994 | D:2      | Reached skill level 1 in Armour
   999 | D:2      | 999 ||| FLEEEEING.
  1002 | D:2      | 1002 ||| FLEEEEING.
  1003 | D:2      | 1003 ||| FLEEEEING.
  1004 | D:2      | 1004 ||| FLEEEEING.
  1005 | D:2      | 1005 ||| FLEEEEING.
  1006 | D:2      | 1006 ||| FLEEEEING.
  1007 | D:2      | 1007 ||| FLEEEEING.
  1015 | D:2      | 1015 ||| FLEEEEING.
  1016 | D:2      | 1016 ||| FLEEEEING.
  1017 | D:2      | 1017 ||| FLEEEEING.
  1018 | D:2      | 1018 ||| FLEEEEING.
  1019 | D:2      | 1019 ||| FLEEEEING.
  1020 | D:2      | 1020 ||| FLEEEEING.
  1021 | D:2      | 1021 ||| FLEEEEING.
  1025 | D:2      | 1025 ||| FLEEEEING.
  1027 | D:2      | 1027 ||| FLEEEEING.
  1028 | D:2      | 1028 ||| FLEEEEING.
  1029 | D:2      | 1029 ||| FLEEEEING.
  1157 | D:2      | Reached XP level 4. HP: 36/36 MP: 4/4
  1416 | D:2      | 1416 ||| UPGRADING to +0 pair of boots.
  1421 | D:2      | 1421 ||| UPGRADING to ring of protection from cold.
  1422 | D:2      | 1422 ||| READING scroll labelled LAUK JUUMUUD.
  1423 | D:2      | 1423 ||| READING 2 scrolls labelled UJOYH LELEPU.
  1428 | D:2      | 1428 ||| READING scroll labelled IBEIXZ QUUPH.
  1540 | D:3      | Noticed Sigmund
  1556 | D:3      | Killed Sigmund
  1557 | D:3      | Reached skill level 6 in Ranged Weapons
  1557 | D:3      | Reached XP level 5. HP: 37/41 MP: 5/5
  1576 | D:3      | Found Jakoa's Vocational Training.
  1622 | D:3      | Noticed qw's ghost (amateur GrHs)
  1720 | D:3      | Found a transporter.
  1738 | D:3      | Found a blossoming altar of Fedhas.
  1754 | D:3      | Found an opulent altar of Gozag.
  1755 | D:3      | Found a hide-covered altar of Uskayaw.
  1788 | D:3      | Found a transporter.
  1814 | D:3      | Noticed Terence
  1824 | D:3      | Killed Terence
  1825 | D:3      | Reached XP level 6. HP: 45/50 MP: 6/6
  1907 | D:3      | 1907 ||| Stepping ~*~*~tactically~*~*~ (outnumbered).
  1910 | D:3      | 1910 ||| FLEEEEING.
  1911 | D:3      | 1911 ||| FLEEEEING.
  1912 | D:3      | 1912 ||| FLEEEEING.
  1913 | D:3      | 1913 ||| FLEEEEING.
  1914 | D:3      | 1914 ||| FLEEEEING.
  1915 | D:3      | 1915 ||| FLEEEEING.
  1916 | D:3      | 1916 ||| FLEEEEING.
  1917 | D:3      | 1917 ||| FLEEEEING.
  1918 | D:3      | 1918 ||| FLEEEEING.
  1919 | D:3      | 1919 ||| FLEEEEING.
  1922 | D:3      | 1922 ||| FLEEEEING.
  1923 | D:3      | 1923 ||| FLEEEEING.
  1924 | D:3      | 1924 ||| FLEEEEING.
  1925 | D:3      | 1925 ||| FLEEEEING.
  1926 | D:3      | 1926 ||| FLEEEEING.
  1927 | D:3      | 1927 ||| FLEEEEING.
  1928 | D:3      | 1928 ||| FLEEEEING.
  1929 | D:3      | 1929 ||| FLEEEEING.
  1930 | D:3      | 1930 ||| FLEEEEING.
  1931 | D:3      | 1931 ||| FLEEEEING.
  1932 | D:3      | 1932 ||| FLEEEEING.
  1933 | D:3      | 1933 ||| FLEEEEING.
  1934 | D:3      | 1934 ||| FLEEEEING.
  1935 | D:3      | 1935 ||| FLEEEEING.
  1936 | D:3      | 1936 ||| FLEEEEING.
  1939 | D:3      | 1939 ||| FLEEEEING.
  1940 | D:3      | 1940 ||| FLEEEEING.
  1941 | D:3      | 1941 ||| FLEEEEING.
  1942 | D:3      | 1942 ||| FLEEEEING.
  1944 | D:3      | 1944 ||| FLEEEEING.
  1946 | D:3      | 1946 ||| FLEEEEING.
  1947 | D:3      | 1947 ||| FLEEEEING.
  1949 | D:3      | 1949 ||| FLEEEEING.
  1950 | D:3      | 1950 ||| FLEEEEING.
  1951 | D:3      | 1951 ||| FLEEEEING.
  1952 | D:3      | 1952 ||| FLEEEEING.
  1953 | D:3      | 1953 ||| FLEEEEING.
  1954 | D:3      | 1954 ||| FLEEEEING.
  1955 | D:3      | 1955 ||| FLEEEEING.
  1956 | D:3      | 1956 ||| FLEEEEING.
  1957 | D:3      | 1957 ||| FLEEEEING.
  1958 | D:3      | 1958 ||| FLEEEEING.
  1961 | D:3      | 1961 ||| FLEEEEING.
  1962 | D:3      | 1962 ||| FLEEEEING.
  1963 | D:3      | 1963 ||| FLEEEEING.
  1964 | D:3      | 1964 ||| FLEEEEING.
  1965 | D:3      | 1965 ||| FLEEEEING.
  1966 | D:3      | 1966 ||| FLEEEEING.
  1967 | D:3      | 1967 ||| FLEEEEING.
  1974 | D:3      | 1974 ||| FLEEEEING.
  1975 | D:3      | 1975 ||| FLEEEEING.
  1976 | D:3      | 1976 ||| FLEEEEING.
  1977 | D:3      | 1977 ||| FLEEEEING.
  1978 | D:3      | 1978 ||| STAIRDANCE
  2044 | D:2      | 2044 ||| READING 2 scrolls of identify.
  2044 | D:2      | 2044 ||| IDENTIFYING golden potion
  2045 | D:2      | 2045 ||| DROPPING potion of brilliance.
  2049 | D:3      | 2049 ||| STAIRDANCE
  2078 | D:3      | Reached skill level 3 in Fighting
  2260 | D:3      | Found a bloodstained altar of Trog.
  2276 | D:3      | Found a shimmering altar of Xom.
  2383 | D:3      | Found a snail-covered altar of Cheibriados.
  2553 | D:4      | 2553 ||| STAIRDANCE
  2762 | D:4      | 2762 ||| READING scroll labelled FEMAUK UFIKOEPN.
  2769 | D:4      | 2769 ||| STAIRDANCE
  2796 | D:4      | Noticed Ijyb
  2798 | D:4      | Noticed Edmund
  2798 | D:4      | Noticed Grinder
  2811 | D:4      | Killed Ijyb
  2812 | D:4      | Reached skill level 7 in Ranged Weapons
  2812 | D:4      | Reached XP level 7. HP: 31/60 MP: 7/7
  2812 | D:4      | 2812 ||| FLEEEEING.
  2813 | D:4      | 2813 ||| FLEEEEING.
  2814 | D:4      | 2814 ||| FLEEEEING.
  2815 | D:4      | 2815 ||| FLEEEEING.
  2816 | D:4      | 2816 ||| FLEEEEING.
  2817 | D:4      | 2817 ||| FLEEEEING.
  2818 | D:4      | 2818 ||| FLEEEEING.
  2819 | D:4      | 2819 ||| FLEEEEING.
  2820 | D:4      | 2820 ||| STAIRDANCE
  2910 | D:4      | 2910 ||| STAIRDANCE
  2915 | D:3      | Killed Edmund
  2943 | D:3      | 2943 ||| DRINKING 2 potions of curing.
  2943 | D:3      | 2943 ||| (to cure confusion)
  3065 | D:4      | 3065 ||| STAIRDANCE
  3073 | D:3      | HP: 11/60 [Grinder/nerve-wracking pain (11)]
  3074 | D:3      | 3074 ||| READING 2 scrolls of teleportation.
  3134 | D:3      | Killed Grinder
  3135 | D:3      | Reached skill level 8 in Ranged Weapons
  3373 | D:4      | Found a basalt altar of Yredelemnul.
  3628 | D:4      | 3628 ||| STAIRDANCE
  3796 | D:4      | 3796 ||| UPGRADING to ring of see invisible.
  3802 | D:5      | Entered Level 5 of the Dungeon
  3815 | D:5      | 3815 ||| Stepping ~*~*~tactically~*~*~ (outnumbered).
  3867 | D:5      | Reached XP level 8. HP: 68/68 MP: 8/8
  3894 | D:5      | Found a burning altar of Makhleb.
  3906 | D:5      | Reached skill level 9 in Ranged Weapons
  3929 | D:5      | Noticed Blork the orc
  3935 | D:5      | Killed Blork the orc
  3936 | D:5      | Reached skill level 3 in Dodging
  4071 | D:5      | Reached skill level 6 in Fighting
  4348 | D:5      | 4348 ||| Stepping ~*~*~tactically~*~*~ (outnumbered).
  4349 | D:5      | 4349 ||| Stepping ~*~*~tactically~*~*~ (outnumbered).
  4547 | D:5      | Found a hazy altar of Hepliaklqana.
  4579 | D:5      | 4579 ||| READING scroll labelled GASUFO RARAWK.
  4580 | D:5      | 4580 ||| DRINKING 2 lumpy ruby potions.
  4581 | D:5      | 4581 ||| DRINKING 2 lumpy dark potions.
  4581 | D:5      | Gained mutation: You have supernaturally acute eyesight.
                  | (SInv) [potion of mutation]
  4581 | D:5      | Gained mutation: Your flesh is cold resistant. (rC+)
                  | [potion of mutation]
  4581 | D:5      | Gained mutation: Your spells are a little harder to cast,
                  | but a little more powerful. [potion of mutation]
  4582 | D:5      | 4582 ||| REMOVING ring of see invisible.
  4583 | D:5      | 4583 ||| UPGRADING to ring of protection from cold.
  4584 | D:5      | 4584 ||| DROPPING ring of see invisible.
  4585 | D:5      | 4585 ||| READING 2 scrolls of identify.
  4585 | D:5      | 4585 ||| IDENTIFYING amethyst potion
  4586 | D:5      | 4586 ||| DROPPING potion of degeneration.
  4587 | D:5      | 4587 ||| DROPPING potion of invisibility.
  4604 | D:6      | Found a glowing drain.
  4605 | D:6      | 4605 ||| PLANNING SEWER
  4605 | D:6      | 4605 ||| STAIRDANCE
  4609 | D:6      | 4609 ||| STAIRDANCE
  4613 | D:6      | 4613 ||| STAIRDANCE
  4618 | D:6      | 4618 ||| STAIRDANCE
  4634 | Sewer    | Entered a sewer
  4746 | Sewer    | Reached skill level 10 in Ranged Weapons
  4786 | Sewer    | Found a white marble altar of Elyvilon.
  4830 | D:6      | 4830 ||| PLANNING D:1-11
  4899 | D:6      | 4899 ||| FLEEEEING.
  4900 | D:6      | 4900 ||| FLEEEEING.
  5116 | D:6      | Reached XP level 9. HP: 38/79 MP: 9/9
  5291 | D:6      | Found a staircase to the Ecumenical Temple.
  5292 | D:6      | 5292 ||| PLANNING TEMPLE
  5292 | D:6      | 5292 ||| READING 2 scrolls of identify.
  5292 | D:6      | 5292 ||| IDENTIFYING red potion
  5293 | D:6      | 5293 ||| DROPPING potion of berserk rage.
  5301 | Temple   | Entered the Ecumenical Temple
  5394 | Temple   | 5394 ||| PLANNING OKAWARU WORSHIP
  5403 | Temple   | Became a worshipper of Warmaster Okawaru
  5404 | Temple   | 5404 ||| PLANNING D:1-11
  5436 | D:6      | Found a broken altar of Ashenzari.
  5601 | D:6      | Noticed a troll
  5609 | D:6      | 5609 ||| STAIRDANCE
  5611 | D:5      | Killed a troll
  5728 | D:5      | 5728 ||| UPGRADING to +0 troll leather armour.
  5738 | D:5      | 5738 ||| DROPPING +0 ring mail.
  5739 | D:5      | 5739 ||| DRINKING 2 fizzy green potions.
  5794 | D:6      | Found Bismotz's Jewellery Shop.
  5802 | D:6      | 5802 ||| SHOPLISTING +4 ring of protection (396 gold, have
                  | 341).
  5802 | D:6      | 5802 ||| SHOPLISTING +5 ring of evasion (396 gold, have
                  | 341).
  5802 | D:6      | 5802 ||| SHOPLISTING +6 ring of strength (396 gold, have
                  | 341).
  5802 | D:6      | 5802 ||| SHOPLISTING ring of Ybyaz {rF+ rC+ rN+ Str+6
                  | Dex+5} (788 gold, have 341).
  5802 | D:6      | 5802 ||| BUYING ring of resist corrosion (220 gold).
  5802 | D:6      | Bought a ring of resist corrosion for 220 gold pieces
  5802 | D:6      | 5802 ||| SHOPLISTING ring of the Death Scarab {Wiz rC+
                  | Str-3 Int+5 Slay+2} (622 gold, have 121).
  5802 | D:6      | 5802 ||| SHOPLISTING ring of willpower (275 gold, have
                  | 121).
  5836 | D:6      | Found an ornate altar of the Wu Jian Council.
  6265 | D:7      | Reached skill level 11 in Ranged Weapons
  6315 | D:7      | Reached * piety under Okawaru
  6523 | D:7      | Reached skill level 1 in Invocations
  6565 | D:7      | 6565 ||| READING scroll of brand weapon.
  6565 | D:7      | 6565 ||| BRANDING +1 sling of chaos.
  6589 | D:7      | 6589 ||| INVOKING Heroism.
  6726 | D:7      | 6726 ||| FLEEEEING.
  6727 | D:7      | 6727 ||| FLEEEEING.
  6728 | D:7      | 6728 ||| FLEEEEING.
  6729 | D:7      | 6729 ||| FLEEEEING.
  6730 | D:7      | 6730 ||| FLEEEEING.
  6731 | D:7      | 6731 ||| FLEEEEING.
  6732 | D:7      | 6732 ||| FLEEEEING.
  6733 | D:7      | 6733 ||| FLEEEEING.
  6734 | D:7      | 6734 ||| FLEEEEING.
  6735 | D:7      | 6735 ||| FLEEEEING.
  6829 | D:7      | 6829 ||| INVOKING Heroism.
  6964 | D:7      | 6964 ||| DRINKING 2 inky potions.
  7004 | D:8      | Found a sparkling altar of Nemelex Xobeh.
  7005 | D:8      | 7005 ||| SWAPPING to +0 arbalest.
  7006 | D:8      | 7006 ||| DROPPING +1 sling of electrocution.
  7018 | D:8      | 7018 ||| INVOKING Heroism.
  7046 | D:8      | 7046 ||| FLEEEEING.
  7047 | D:8      | 7047 ||| FLEEEEING.
  7123 | D:8      | 7123 ||| DRINKING 7 potions of curing.
  7123 | D:8      | 7123 ||| (to cure confusion)
  7126 | D:8      | Reached skill level 12 in Ranged Weapons
  7154 | D:8      | Found a glowing silver altar of Zin.
  7206 | D:8      | Reached skill level 3 in Invocations
  7280 | D:8      | 7280 ||| INVOKING Heroism.
  7283 | D:8      | 7283 ||| Stepping ~*~*~tactically~*~*~ (cloud).
  7332 | D:8      | Identified the +7 spear of Beastly Reinforcement {flame,
                  | rF+}
  7346 | D:8      | 7346 ||| INVOKING Heroism.
  7352 | D:8      | Paralysed by a hornet for 3 turns
  7353 | D:8      | HP: 16/81 [hornet (6)]
  7354 | D:8      | HP: 5/81 [hornet (10)]
  7355 | D:8      | 7355 ||| READING 3 scrolls of teleportation.
  7355 | D:8      | HP: 2/81 [poisoned by a hornet]
  7355 | D:8      | Mangled by a hornet

Levels and vault maps discovered:
D:1:      matt_arrival_grand_opening, layout_loops_ring
D:2:      layout_loops_ring, shapermc_ecumenical_altar_notcrosses,
          minmay_increasing_density
D:3:      layout_basic, mainiacjoe_overflow_catwalk, lemuel_tele_altar,
          nicolae_overflow_hidden_temple, slow_altar_2, gammafunk_ghost_arena,
          nicolae_shop_vocational, uniq_terence, uniq_sigmund
D:4:      layout_rooms, yredelemnul_altar_generic, kennysheep_small_spiral,
          kennysheep_generic_room_8, uniq_edmund, uniq_ijyb, uniq_grinder
D:5:      layout_rooms, bloody_makhleb, kennysheep_mini_moat, serial_rivers,
          chequers_serial_rivers_marsh, chequers_serial_rivers_small_b,
          chequers_serial_rivers_micro_d, chequers_serial_rivers_small_a,
          chequers_serial_rivers_micro_e, uniq_blork_the_orc
D:6:      layout_layer_cave, ashenzari_altar_1, lemuel_round_altar,
          minmay_temple_entry_trees, portal_sewer_entry_a, serial_shops,
          nicolae_shop_gaudy_bauble, minmay_strange_pillars
D:7:      layout_loops_ring
D:8:      layout_loops_cross, lemuel_crystal_altar,
          mainiacjoe_overflow_tiny_flanked, minivault_27
Temple:   hellmonk_temple_beads

Skill      XL: |  1  2  3  4  5  6  7  8  9 |
---------------+----------------------------+-----
Ranged Weapons | 3 4 6 7 8 10 12 | 12.0
Fighting       | 2 4 5 7 |  7.9
Armour         | 1 2 |  2.9
Dodging        | 3 5 |  5.1
Invocations    | 3 |  3.6
Spellcasting   | |  1.0
Hexes          | |  2.0

Action                     |  1- 3 |  4- 6 |  7- 9 || total
---------------------------+-------+-------+-------++-------
   Fire: Sling             |    90 |   149 |   440 ||   679
         Arbalest          |       |       |    51 ||    51
 Invoke: Heroism           |       |       |     5 ||     5
    Use: Scroll            |     4 |     5 |     6 ||    15
         Potion            |       |       |     6 ||     6
 Armour: Robe              |     4 |       |       ||     4
         Ring mail         |     4 |    25 |    36 ||    65
         Troll leather arm |       |       |     6 ||     6
  Dodge: Dodged            |    38 |    48 |   113 ||   199

Table legend:
 A = Non-vault XP
 B = Vault XP
 C = Vault XP percentage of total XP
 D = Non-vault monster count
 E = Vault monster count
 F = Vault count percentage of total count
                 A         B        C        D         E       F
            +---------+---------+-------+---------+---------+-------
      Total |    4169 |    1027 |  19.8 |     154 |      37 |  19.4
            +---------+---------+-------+---------+---------+-------
        D:1 |      34 |       0 |   0.0 |      21 |       0 |   0.0
        D:2 |      83 |      27 |  24.5 |      21 |       9 |  30.0
        D:3 |     242 |     722 |  74.9 |      15 |       5 |  25.0
        D:4 |     215 |      32 |  13.0 |      10 |       1 |   9.1
        D:5 |    1074 |      98 |   8.4 |      26 |       3 |  10.3
        D:6 |     656 |       4 |   0.6 |      19 |       3 |  13.6
        D:7 |    1085 |       0 |   0.0 |      27 |       0 |   0.0
        D:8 |     780 |       0 |   0.0 |      15 |       0 |   0.0
      Sewer |       0 |     144 | 100.0 |       0 |      16 | 100.0
            +---------+---------+-------+---------+---------+-------
